 Dungeon Crawl Stone Soup version 0.29-a0-857-g9b1aa3ac5b (webtiles) character file.

Game seed: 1402768499542766470

65398 SkeletonJelly the Spear-Bearer (level 15, -2/117 HPs)
             Began as a Gnoll Wanderer on July 15, 2022.
             Was the Champion of Kikubaaqudgha.
             Slain by a dire elephant (15 damage)
             ... on level 6 of the Lair of Beasts on July 17, 2022.
             The game lasted 01:40:46 (22779 turns).

SkeletonJelly the Spear-Bearer (Gnoll Wanderer)    Turns: 22779, Time: 01:40:47

Health: -2/117     AC: 16    Str: 17    XL:     15   Next: 16%
Magic:  18/38      EV: 15    Int: 22    God:    Kikubaaqudgha [******]
Gold:   1919       SH:  0    Dex: 12    Spells: 6/35 levels left

rFire   . . .      SeeInvis .   p - +4 trident (flame)
rCold   . . .      Faith    .   B - orb {*channel}
rNeg    . . .      Spirit   .   e - +2 leather armour of Vusu {Regen+ Dex+3}
rPois   +          Reflect  .   S - +0 helmet
rElec   .          Harm     .   A - +2 cloak {rPois}
rCorr   .          Rampage  .   N - +0 pair of gloves
Will    +....                   V - +2 pair of boots
Stlth   ++++......              R - amulet of regeneration
HPRegen 1.89/turn               J - ring of magical power
MPRegen 0.26/turn               Q - +6 ring of intelligence

@: animating dead, studying Polearms
A: fangs 1, strong nose, distributed training
a: Renounce Religion, Unearth Wretches, Torment, Brand Weapon With Pain, Receive
Forbidden Knowledge


You were on level 6 of the Lair of Beasts.
You worshipped Kikubaaqudgha.
Kikubaaqudgha was exalted by your worship.
You visited 3 branches of the dungeon, and saw 18 of its levels.
You also visited: Sewer and Gauntlet.

You collected 1919 gold pieces.

Inventory:

Hand Weapons
 p - a +4 trident of flaming (weapon)
 I - the +12 scimitar of Dismay {protect, *Rage rC+ rN+ Int+5}
   (You found it in a Gauntlet)

   It grants its wielder temporary protection when it strikes (+7 to AC).
   Int:       It affects your intelligence (+5).
   rC:        It protects you from cold.
   rN:        It protects you from negative energy.
   *Rage:     It berserks you when you make melee attacks (+20% chance).
 X - a +2 short sword of electrocution
Missiles
 z - 5 silver javelins
 L - a throwing net
 Y - 5 curare-tipped darts
Armour
 e - the +2 leather armour of Vusu (worn) {Regen+ Dex+3}
   (You found it on level 3 of the Dungeon)

   Dex:       It affects your dexterity (+3).
   Regen:     It increases your rate of health regeneration.
 A - a +2 cloak of poison resistance (worn)
 B - an orb of energy (worn)
 N - a +0 pair of gloves (worn)
 S - a +0 helmet (worn)
 V - a +2 pair of boots (worn)
Jewellery
 b - a ring of flight
 w - a ring of ice
 y - a ring of resist corrosion
 D - a ring of wizardry
 G - a +6 ring of dexterity
 J - a ring of magical power (left hand)
 Q - a +6 ring of intelligence (right hand)
 R - an amulet of regeneration (around neck)
 U - an amulet of reflection
Wands
 g - a wand of flame (27)
 o - a wand of iceblast (6)
 v - a wand of digging (7)
 E - a wand of light (10)
 F - a wand of charming (20)
 W - a wand of mindburst (6)
Scrolls
 d - 3 scrolls of immolation
 h - 5 scrolls of poison
 j - 3 scrolls of teleportation
 m - 2 scrolls of enchant armour
 q - 2 scrolls of blinking
 s - 3 scrolls of fear
 T - 6 scrolls of fog
 Z - a scroll of magic mapping
Potions
 a - a potion of lignification
 c - 2 potions of haste
 f - 4 potions of magic
 i - a potion of ambrosia
 k - a potion of invisibility
 l - 5 potions of curing
 n - 3 potions of flight
 r - 4 potions of mutation
 t - a potion of attraction
 x - 5 potions of brilliance
 C - 3 potions of might
 M - a potion of berserk rage
 O - 2 potions of resistance
 P - 6 potions of heal wounds
Miscellaneous
 u - a condenser vane (inert)
 H - a box of beasts
 K - a lightning rod (4/4)


   Skills:
 + Level 10.5 Fighting
 + Level 12.1 Short Blades
 + Level 10.2 Long Blades
 + Level 10.2 Axes
 + Level 10.2 Maces & Flails
 + Level 13.2 Polearms
 + Level 10.2 Staves
 + Level 10.2 Ranged Weapons
 + Level 10.2 Throwing
 + Level 11.2 Armour
 + Level 10.2 Dodging
 + Level 10.2 Stealth
 + Level 10.2 Shields
 + Level 10.2 Unarmed Combat
 + Level 10.6 Spellcasting
 + Level 8.5 Conjurations
 + Level 8.5 Hexes
 + Level 8.5 Summonings
 + Level 10.2 Necromancy
 + Level 8.5 Translocations
 + Level 8.5 Transmutations
 + Level 8.5 Fire Magic
 + Level 8.5 Ice Magic
 + Level 8.5 Air Magic
 + Level 8.5 Earth Magic
 + Level 8.5 Poison Magic
 + Level 11.1 Invocations
 + Level 10.2 Evocations


You had 6 spell levels left.
You knew the following spells:

 Your Spells              Type           Power      Damage    Failure   Level
a - Necrotise             Necr           100%       1d9       1%          1
d - Animate Dead          Necr           54%        N/A       1%          4
r - Olgreb's Toxic Radia  Pois           49%        N/A       1%          4
t - Tukima's Dance        Hex            49%        N/A       1%          3
v - Poisonous Vapours     Pois/Air       98%        N/A       1%          2
x - Vampiric Draining     Necr           54%        2d9       1%          3
A - Anguish               Hex/Necr       26%        N/A       1%          4
B - Sublimation of Blood  Necr           54%        N/A       1%          2
S - Slow                  Hex            100%       N/A       1%          1
V - Summon Mana Viper     Hex/Summ       49%        N/A       5%          5

Your spell library contained the following spells:

 Spells                   Type           Power      Damage    Failure   Level
 Apportation              Tloc           98%        N/A       1%          1
 Freeze                   Ice            100%       1d11      1%          1
 Magic Dart               Conj           100%       1d8       1%          1
 Sting                    Tmut/Pois      100%       1d8       1%          1
 Summon Small Mammal      Summ           100%       N/A       1%          1
 Blink                    Tloc           98%        N/A       1%          2
 Searing Ray              Conj           98%        2d8       1%          2
 Confusing Touch          Hex            49%        N/A       1%          3
 Frozen Ramparts          Ice            98%        1d11      1%          3
 Gell's Gravitas          Tloc           49%        N/A       1%          3
 Mephitic Cloud           Conj/Pois/Air  49%        N/A       1%          3
 Portal Projectile        Hex/Tloc       98%        N/A       1%          3
 Teleport Other           Tloc           49%        N/A       1%          3
 Corpse Rot               Necr/Pois/Air  51%        N/A       1%          4
 Fulminant Prism          Conj/Hex       24%        3d13      1%          4
 Hailstorm                Conj/Ice       49%        3d11      1%          4
 Iskenderun's Mystic Bla  Conj/Tloc      49%        2d11      1%          4
 Passage of Golubria      Tloc           49%        N/A       1%          4
 Petrify                  Tmut/Erth      49%        N/A       1%          4
 Summon Ice Beast         Ice/Summ       49%        N/A       1%          4
 Agony                    Necr           54%        N/A       2%          5
 Borgnjor's Vile Clutch   Necr/Erth      26%        N/A       3%          5
 Alistair's Intoxication  Tmut/Pois      32%        N/A       5%          5
 Blade Hands              Tmut           24%        N/A       5%          5
 Irradiate                Conj/Tmut      24%        3d19      5%          5
 Manifold Assault         Tloc           49%        N/A       5%          5
 Summon Forest            Summ/Tloc      24%        N/A       5%          5
 Yara's Violent Unravell  Hex/Tmut       24%        3d11      5%          5
 Death Channel            Necr           27%        N/A       16%         6
 Simulacrum               Ice/Necr       26%        N/A       22%         6
 Malign Gateway           Summ/Tloc      24%        N/A       85%         7
 Monstrous Menagerie      Summ           24%        N/A       85%         7
 Storm Form               Tmut/Air       24%        N/A       85%         7


Dungeon Overview and Level Annotations

Branches:
Dungeon (11/15)            Temple (1/1) D:6            Lair (6/6) D:11
  Swamp (0/4) Lair:4       Spider (0/4) Lair:4        Slime (0/5) Lair:5
    Orc (0/2) D:9           Sewer (visited)         Gauntlet (visited)

Altars:
Ashenzari
Cheibriados
Dithmenos
Elyvilon
Fedhas
Gozag
Hepliaklqana
Kikubaaqudgha
Makhleb
Nemelex Xobeh
Okawaru
Qazlal
Ru
Sif Muna
Trog
Uskayaw
Vehumet
Wu Jian
Xom
Yredelemnul
Zin
The Shining One

Shops:
D:1 ?


Innate Abilities, Weirdness & Mutations

You have very sharp teeth.
Your uncanny sense of smell can sniff out nearby items.
Your experience applies equally to all skills.


Message History

The manticore dies!
Kikubaaqudgha accepts your kill.
You take 23 damage, and have 52/117 hp.
You now have 19/38 mp.
Casting: Anguish (mildly dangerous; 1% risk of failure)
Confirm with . or Enter, or press ? or * to list all spells.
You call upon the dead to rise.
The ice encasing you melts away. The death yak gores you!
The death yak is wracked by anguish!
You take 11 damage, and have 41/117 hp.
You now have 15/38 mp.
You are too injured to fight recklessly!
You are too injured to fight recklessly!
You are too injured to fight recklessly!
Clouds of freezing vapour condense around you!
The condenser dries out!
The dire elephant looks more healthy.
The rime drake is engulfed in freezing vapours. x2
You kill the rime drake!
Kikubaaqudgha accepts your kill.
The dead are flying!
The death yak is engulfed in freezing vapours.
The death yak gores you!
* * * LOW HITPOINT WARNING * * *
The death yak is wracked by anguish!
The death yak gores your rime drake zombie!
The dire elephant is engulfed in freezing vapours.
You take 9 damage, and have 32/117 hp.
You are too injured to fight recklessly!
You barely miss the death yak.
The death yak is almost dead.
You barely miss the death yak.
The death yak is almost dead.
The death yak is engulfed in freezing vapours.
The death yak gores your rime drake zombie!
The death yak is engulfed in freezing vapours.
You kill the death yak!
Kikubaaqudgha accepts your kill.
The dead are walking!
Your rime drake zombie is engulfed in freezing vapours.
Your rime drake zombie barely misses the death yak.
The dire elephant is engulfed in freezing vapours.
You regained 2 hp, and now have 35/117 hp.
You hit the dire elephant but do no damage.
The dire elephant is lightly wounded.
The dire elephant is engulfed in freezing vapours.
The dire elephant tramples you but does no damage.
The dire elephant closely misses you.
The death yak is engulfed in freezing vapours.
Your rime drake zombie is engulfed in freezing vapours.
Your rime drake zombie bites the death yak but does no damage.
You hit the dire elephant but do no damage.
The dire elephant is moderately wounded.
You puncture the dire elephant! You burn the dire elephant.
The dire elephant is moderately wounded.
The dire elephant is engulfed in freezing vapours.
The dire elephant tramples you but does no damage.
The dire elephant trunk-slaps you.
Your rime drake zombie is engulfed in freezing vapours.
Your rime drake zombie closely misses the death yak.
The death yak is engulfed in freezing vapours.
You take 1 damage, and have 36/117 hp.
You hit the dire elephant but do no damage.
The dire elephant is heavily wounded.
Your death yak zombie is engulfed in freezing vapours.
Your death yak zombie barely misses the dire elephant.
You barely miss the dire elephant.
The dire elephant is heavily wounded.
The dire elephant is engulfed in freezing vapours.
The dire elephant tramples you!!
* * * LOW HITPOINT WARNING * * *
You stumble backwards!
Your rime drake zombie is engulfed in freezing vapours.
Your rime drake zombie barely misses the death yak.
The death yak is engulfed in freezing vapours.
You take 24 damage, and have 13/117 hp.
MASSIVE DAMAGE!!
You hit the dire elephant. You burn the dire elephant.
The dire elephant is heavily wounded.
The dire elephant barely misses you.
The dire elephant trunk-slaps you but does no damage.
The death yak is engulfed in freezing vapours.
You kill the death yak!
Kikubaaqudgha accepts your kill.
Your death yak zombie is engulfed in freezing vapours.
Your rime drake zombie is engulfed in freezing vapours.
You hit the dire elephant but do no damage.
The dire elephant is heavily wounded.
You hit the dire elephant. You burn the dire elephant.
The dire elephant is heavily wounded.
Your rime drake zombie is engulfed in freezing vapours.
Your rime drake zombie bites the dire elephant.
The dire elephant closely misses you. The dire elephant trunk-slaps you.
* * * LOW HITPOINT WARNING * * *
Your death yak zombie is engulfed in freezing vapours.
Your death yak zombie gores the dire elephant but does no damage.
You take 4 damage, and have 11/117 hp.
You barely miss the dire elephant.
The dire elephant is severely wounded.
Your rime drake zombie is engulfed in freezing vapours.
Your rime drake zombie bites the dire elephant.
The dire elephant tramples you!
You die...
Kikubaaqudgha rasps: "You have failed me!
Welcome... death!"

##.....#....#
.P#.........P
#...#......#
# ###.###....
#...#####..##
## #..## #
#####.§.#...#
#.#### #
#[§§.#..P# ##
####
#§§Z#...#
.P.#
#§#Z#..## ..
...# #.§ZY..#
..# ...#
.....#..@.# ∆
# # ...##
..#......##
.. ....#
...#....# .P
....# ##
#..### ∆
...## ###
..P## ...P# ∆
#.### ∆∆∆ ###


You could see a dire elephant (ally target), 2 friendly death yak zombies and a
friendly rime drake zombie.

Vanquished Creatures
  A quicksilver ooze (Lair:4)
  A minotaur (Gauntlet)
  Snorg (D:10)
  2 two-headed ogres
  3 death yaks
  A sun demon (D:11)
  An orange crystal statue (Gauntlet)
  2 lindwurms (Lair:6)
  An ugly thing (Gauntlet)
  3 slime creatures (Lair:4)
  4 black mambas
  7 elephants
  A rust devil (D:11)
  Maurice (D:10)
  A smoke demon (D:11)
  A torpor snail (Lair:2)
  Joseph (Lair:1)
  9 cane toads
  An orange demon (D:11)
  A minotaur zombie (Gauntlet)
  Psyche (D:10)
  6 komodo dragons
  5 rime drakes
  A hellwing (D:11)
  An ice devil (D:10)
  3 trolls
  A red devil (D:11)
  A polar bear (Lair:1)
  14 blink frogs
  3 dream sheep (Lair:2)
  Sigmund (D:3)
  Eustachio (D:5)
  41 yaks
  A shadow (D:11)
  4 wraiths
  3 wyverns
  2 ynoxinuls (D:11)
  A basilisk (Lair:5)
  2 vampire mosquitoes (D:10)
  Menkaure (D:4)
  An acid dragon (D:9)
  10 water moccasins
  2 ice beasts (D:7)
  6 orc warriors
  2 sky beasts
  2 black bears
  3 wolves
  3 ogres
  5 centaurs
  5 kobold brigands
  10 bullfrogs
  2 gnoll sergeants
  2 scorpions
  8 wights
  9 killer bees
  An electric eel (Lair:3)
  A howler monkey (D:6)
  A quasit (D:10)
  11 orc priests
  5 hounds
  10 jellies
  2 gnoll boudas
  7 iguanas
  Ijyb (D:3)
  Terence (D:3)
  7 orc wizards
  5 hell rats (Lair:4)
  3 adders
  13 gnolls
  5 river rats
  4 white imps
  3 ufetubi
  3 worms
  A dart slug (D:3)
  28 orcs
  8 endoplasms
  4 giant cockroaches
  7 goblins
  3 hobgoblins
  3 jackals (D:1)
  3 quokkas (D:3)
  14 ball pythons
  3 bats
  5 frilled lizards
  20 kobolds
  9 rats
397 creatures vanquished.

Vanquished Creatures (collateral kills)
  A boulder beetle (Lair:5)
  4 hydras
  4 death yaks
  Sonja (Lair:2)
  A fire crab (Lair:5)
  A glowing orange brain (Gauntlet)
  8 elephants
  2 black mambas
  4 cane toads
  2 torpor snails
  A smoke demon (D:11)
  2 rime drakes
  3 komodo dragons
  A red devil (D:11)
  A polar bear (Lair:5)
  2 blink frogs
  2 wyverns
  9 yaks
  A swamp worm (Lair:4)
  4 water moccasins
  A black bear (Lair:1)
  6 wolves
  An ogre (D:5)
  2 kobold brigands (D:9)
  3 bullfrogs
  2 wights
  A lava snake (Lair:3)
  A quasit (D:11)
  An orc priest (D:7)
  A hound (D:6)
  2 gnolls (D:9)
  3 adders
  A river rat (Sewer)
  6 orcs
  2 endoplasms
  4 kobolds
91 creatures vanquished.

Vanquished Creatures (others)
  Fannar (Lair:1)
  A boulder beetle (Lair:5)
  A two-headed ogre (D:11)
  A death yak (Lair:5)
  A manticore (Lair:6)
  2 elephants (Lair:6)
  4 black mambas
  4 cane toads
  A death yak zombie (Lair:5)
  2 komodo dragons
  3 polar bears (Lair:1)
  4 blink frogs
  A black mamba zombie (Lair:5)
  9 yaks
  A basilisk (Lair:6)
  A swamp worm (Lair:4)
  2 cane toad zombies (Lair:5)
  12 dancing weapons
  3 water moccasins
  8 elephant zombies
  3 blink frog zombies
  A wolf (Lair:1)
  3 bullfrogs
  A komodo dragon zombie (Lair:3)
  5 water moccasin zombies
  A troll zombie (D:9)
  3 yak zombies (Lair:5)
  5 bullfrog zombies
  A scorpion zombie (D:11)
  An ogre zombie (D:9)
  5 hell rat zombies (Lair:4)
  3 orc zombies
  An orc (D:11)
  A gnoll zombie (D:9)
  8 kobold zombies
  9 demonic plants
  83 fungi
  83 plants
279 creatures vanquished.

Grand Total: 767 creatures vanquished

Notes
Turn   | Place    | Note
-------+----------+-------------------------------------------
     0 | D:1      | SkeletonJelly the Gnoll Wanderer began the quest for the
                  | Orb.
     0 | D:1      | SkeletonJelly set off with the following items: a +2 short
                  | sword, a +0 scale mail, a potion of haste; and the
                  | following spell memorised: Necrotise; and the following
                  | spells available to memorise: Vampiric Draining.
     0 | D:1      | Reached XP level 1. HP: 17/17 MP: 4/4
   314 | D:1      | Reached XP level 2. HP: 23/23 MP: 2/5
   743 | D:1      | Found Nusucoem's Magic Scroll Shop.
  1367 | D:2      | Found a faded altar of an unknown god.
  1422 | D:2      | Reached XP level 3. HP: 28/28 MP: 5/7
  1604 | D:2      | Reached skill level 1 in Invocations
  1920 | D:2      | Reached skill level 1 in Long Blades
  1920 | D:2      | Reached skill level 1 in Axes
  1920 | D:2      | Reached skill level 1 in Maces & Flails
  1920 | D:2      | Reached skill level 1 in Polearms
  1920 | D:2      | Reached skill level 1 in Staves
  1920 | D:2      | Reached skill level 1 in Ranged Weapons
  1920 | D:2      | Reached skill level 1 in Throwing
  1920 | D:2      | Reached skill level 1 in Dodging
  1920 | D:2      | Reached skill level 1 in Stealth
  1920 | D:2      | Reached skill level 1 in Shields
  1920 | D:2      | Reached skill level 1 in Unarmed Combat
  1920 | D:2      | Reached skill level 1 in Evocations
  2066 | D:3      | Noticed Ijyb
  2067 | D:3      | Noticed Sigmund
  2172 | D:3      | Identified the +2 leather armour of Vusu {Regen+ Dex+3}
  2209 | D:3      | Found a hazy altar of Hepliaklqana.
  2309 | D:3      | Noticed Terence
  2321 | D:3      | Killed Terence
  2322 | D:3      | Reached skill level 1 in Conjurations
  2322 | D:3      | Reached skill level 1 in Hexes
  2322 | D:3      | Reached skill level 1 in Summonings
  2322 | D:3      | Reached skill level 1 in Translocations
  2322 | D:3      | Reached skill level 1 in Transmutations
  2322 | D:3      | Reached skill level 1 in Fire Magic
  2322 | D:3      | Reached skill level 1 in Ice Magic
  2322 | D:3      | Reached skill level 1 in Air Magic
  2322 | D:3      | Reached skill level 1 in Earth Magic
  2322 | D:3      | Reached skill level 1 in Poison Magic
  2322 | D:3      | Reached XP level 4. HP: 28/34 MP: 0/8
  2569 | D:3      | Found an ornate altar of the Wu Jian Council.
  2617 | D:3      | Found a shimmering blue altar of Sif Muna.
  2635 | D:3      | Found a glowing drain.
  2650 | Sewer    | Entered a sewer
  2711 | Sewer    | Reached XP level 5. HP: 22/40 MP: 2/9
  3536 | D:3      | Killed Ijyb
  3561 | D:3      | Killed Sigmund
  3562 | D:3      | Reached skill level 2 in Polearms
  3562 | D:3      | Reached skill level 5 in Armour
  3562 | D:3      | Reached XP level 6. HP: 40/47 MP: 6/11
  4090 | D:4      | Reached XP level 7. HP: 52/52 MP: 9/12
  4228 | D:4      | Learned a level 3 spell: Vampiric Draining
  4274 | D:4      | Found a bloodstained altar of Trog.
  4496 | D:4      | Found a glowing golden altar of the Shining One.
  4659 | D:4      | Noticed Menkaure
  4663 | D:4      | Killed Menkaure
  4898 | D:5      | Entered Level 5 of the Dungeon
  4910 | D:5      | Identified the +1 long sword "Deam" {drain, rN+}
  4975 | D:5      | Found a white marble altar of Elyvilon.
  4978 | D:5      | Found a hide-covered altar of Uskayaw.
  5048 | D:5      | Learned a level 2 spell: Poisonous Vapours
  5091 | D:5      | Noticed Eustachio
  5104 | D:5      | Reached skill level 3 in Polearms
  5104 | D:5      | Reached XP level 8. HP: 60/60 MP: 5/14
  5104 | D:5      | Killed Eustachio
  5585 | D:5      | Noticed a two-headed ogre
  5591 | D:5      | Killed a two-headed ogre
  5592 | D:5      | Reached skill level 5 in Fighting
  5592 | D:5      | Reached skill level 4 in Polearms
  5592 | D:5      | Reached skill level 5 in Spellcasting
  5592 | D:5      | Reached XP level 9. HP: 56/68 MP: 6/16
  6263 | D:6      | Learned a level 3 spell: Tukima's Dance
  6494 | D:6      | Found a staircase to the Ecumenical Temple.
  6518 | Temple   | Entered the Ecumenical Temple
  6671 | Temple   | Became a worshipper of Kikubaaqudgha
  6914 | D:6      | Reached skill level 5 in Invocations
  8662 | D:7      | Found a snail-covered altar of Cheibriados.
  8745 | D:7      | Reached * piety under Kikubaaqudgha
  8745 | D:7      | Received a gift from Kikubaaqudgha
  9067 | D:7      | Reached skill level 5 in Long Blades
  9067 | D:7      | Reached skill level 5 in Axes
  9067 | D:7      | Reached skill level 5 in Maces & Flails
  9067 | D:7      | Reached skill level 5 in Polearms
  9067 | D:7      | Reached skill level 5 in Staves
  9067 | D:7      | Reached skill level 5 in Ranged Weapons
  9067 | D:7      | Reached skill level 5 in Throwing
  9067 | D:7      | Reached skill level 5 in Dodging
  9067 | D:7      | Reached skill level 5 in Stealth
  9067 | D:7      | Reached skill level 5 in Shields
  9067 | D:7      | Reached skill level 5 in Unarmed Combat
  9067 | D:7      | Reached skill level 5 in Evocations
  9067 | D:7      | Reached XP level 10. HP: 76/76 MP: 18/18
  9144 | D:7      | Learned a level 4 spell: Animate Dead
  9147 | D:7      | Learned a level 2 spell: Sublimation of Blood
  9186 | D:7      | Found a blossoming altar of Fedhas.
  9852 | D:8      | Reached ** piety under Kikubaaqudgha
 10580 | D:9      | Found a stormy altar of Qazlal.
 10680 | D:9      | Found a staircase to the Orcish Mines.
 10756 | D:8      | Learned a level 4 spell: Olgreb's Toxic Radiance
 10762 | D:9      | Reached skill level 6 in Polearms
 11168 | D:9      | Reached skill level 5 in Conjurations
 11168 | D:9      | Reached skill level 5 in Hexes
 11168 | D:9      | Reached skill level 5 in Summonings
 11168 | D:9      | Reached skill level 5 in Translocations
 11168 | D:9      | Reached skill level 5 in Transmutations
 11168 | D:9      | Reached skill level 5 in Fire Magic
 11168 | D:9      | Reached skill level 5 in Ice Magic
 11168 | D:9      | Reached skill level 5 in Air Magic
 11168 | D:9      | Reached skill level 5 in Earth Magic
 11168 | D:9      | Reached skill level 5 in Poison Magic
 11170 | D:9      | Reached *** piety under Kikubaaqudgha
 11170 | D:9      | Received a gift from Kikubaaqudgha
 11171 | D:9      | Reached XP level 11. HP: 77/83 MP: 21/21
 11275 | D:9      | Reached skill level 7 in Polearms
 11691 | D:10     | Entered Level 10 of the Dungeon
 12029 | D:10     | Noticed Snorg
 12048 | D:10     | Killed Snorg
 12127 | D:10     | Noticed Psyche
 12130 | D:10     | Killed Psyche
 12201 | D:10     | Noticed Maurice
 12221 | D:10     | Killed Maurice
 12470 | D:11     | Noticed a two-headed ogre
 12595 | D:11     | Learned a level 4 spell: Anguish
 12739 | D:11     | Learned a level 1 spell: Slow
 12760 | D:11     | Reached skill level 8 in Polearms
 13182 | D:11     | Noticed a two-headed ogre
 13191 | D:11     | Killed a two-headed ogre
 13191 | D:11     | Reached **** piety under Kikubaaqudgha
 13310 | D:11     | Reached XP level 12. HP: 44/91 MP: 17/23
 13324 | D:11     | Killed a two-headed ogre
 13343 | D:11     | Found a staircase to the Lair.
 13459 | D:11     | Noticed a sun demon
 13469 | D:11     | Killed a sun demon
 13475 | D:11     | Reached skill level 9 in Polearms
 13637 | D:11     | Reached skill level 10 in Short Blades
 13969 | Lair:1   | Entered Level 1 of the Lair of Beasts
 14212 | Lair:1   | Noticed Fannar
 14226 | Lair:1   | Killed Fannar
 14354 | Lair:1   | Reached ***** piety under Kikubaaqudgha
 14355 | Lair:1   | Reached skill level 10 in Polearms
 14679 | Lair:1   | Reached XP level 13. HP: 89/99 MP: 24/25
 14794 | Lair:1   | Noticed Joseph
 14802 | Lair:1   | Killed Joseph
 15529 | Lair:2   | Found a gate leading to a gauntlet.
 15534 | Lair:2   | Upgraded the game from 0.29-a0-845-g6161e89988 to
                  | 0.29-a0-857-g9b1aa3ac5b
 15539 | Lair:2   | Identified a scroll of acquirement
 15542 | Gauntlet | Entered a Gauntlet
 15542 | Gauntlet | Found a transporter.
 15542 | Gauntlet | Found a transporter.
 15542 | Gauntlet | Found a transporter.
 15584 | Gauntlet | Found a transporter.
 15604 | Gauntlet | Found a transporter.
 15615 | Gauntlet | Found a transporter.
 15625 | Gauntlet | Found a transporter.
 15633 | Gauntlet | Found a transporter.
 15635 | Gauntlet | Found a large runed translucent door.
 15636 | Gauntlet | Found a large runed translucent door.
 15637 | Gauntlet | Found a large runed translucent door.
 15637 | Gauntlet | Found a large runed translucent door.
 15637 | Gauntlet | Found a runed translucent door.
 15671 | Gauntlet | Found a transporter.
 15688 | Gauntlet | Found a transporter.
 15692 | Gauntlet | Found a large runed translucent door.
 15693 | Gauntlet | Found a large runed translucent door.
 15694 | Gauntlet | Found a large runed translucent door.
 15694 | Gauntlet | Found a large runed translucent door.
 15695 | Gauntlet | Found a runed translucent gate.
 15696 | Gauntlet | Found a transporter.
 15696 | Gauntlet | Found a runed translucent gate.
 15697 | Gauntlet | Found a runed translucent gate.
 15698 | Gauntlet | Found a large runed translucent door.
 15698 | Gauntlet | Found a large runed translucent door.
 15699 | Gauntlet | Found a large runed translucent door.
 15700 | Gauntlet | Found a large runed translucent door.
 15709 | Gauntlet | Found a large runed translucent door.
 15709 | Gauntlet | Found a large runed translucent door.
 15709 | Gauntlet | Found a runed translucent door.
 15710 | Gauntlet | Found a large runed translucent door.
 15711 | Gauntlet | Found a large runed translucent door.
 15713 | Gauntlet | Found a transporter.
 15746 | Gauntlet | Learned a level 5 spell: Summon Mana Viper
 16266 | Gauntlet | Noticed a minotaur
 16280 | Gauntlet | Killed a minotaur
 16434 | Gauntlet | Identified the +12 scimitar of Dismay {protect, *Rage rC+
                  | rN+ Int+5}
 16754 | Lair:2   | Noticed Sonja
 16773 | Lair:2   | Killed Sonja
 16937 | Lair:2   | Reached skill level 11 in Polearms
 17543 | Lair:3   | Reached skill level 10 in Armour
 17856 | Lair:3   | Reached XP level 14. HP: 86/108 MP: 16/27
 17860 | Lair:3   | Reached skill level 10 in Invocations
 18620 | Lair:4   | Found a hole to the Spider Nest.
 19065 | Lair:4   | Noticed a quicksilver ooze
 19076 | Lair:4   | Killed a quicksilver ooze
 19430 | Lair:4   | Acquired 880 gold pieces
 19436 | Lair:4   | Acquired the Anthology of the Baneful Wayfarer
 19548 | Lair:4   | Reached skill level 12 in Polearms
 19921 | Lair:4   | Found a staircase to the Swamp.
 20114 | Lair:5   | Found a staircase to the Slime Pits.
 20557 | Lair:5   | Reached skill level 10 in Spellcasting
 21011 | Lair:5   | Reached skill level 10 in Fighting
 21945 | Lair:6   | Entered Level 6 of the Lair of Beasts
 21976 | Lair:6   | Reached skill level 10 in Necromancy
 22121 | Lair:6   | Reached ****** piety under Kikubaaqudgha
 22167 | Lair:6   | Reached skill level 10 in Long Blades
 22167 | Lair:6   | Reached skill level 10 in Axes
 22167 | Lair:6   | Reached skill level 10 in Maces & Flails
 22167 | Lair:6   | Reached skill level 10 in Staves
 22167 | Lair:6   | Reached skill level 10 in Ranged Weapons
 22167 | Lair:6   | Reached skill level 10 in Throwing
 22167 | Lair:6   | Reached skill level 10 in Dodging
 22167 | Lair:6   | Reached skill level 10 in Stealth
 22167 | Lair:6   | Reached skill level 10 in Shields
 22167 | Lair:6   | Reached skill level 10 in Unarmed Combat
 22167 | Lair:6   | Reached skill level 10 in Evocations
 22342 | Lair:6   | Reached skill level 13 in Polearms
 22345 | Lair:6   | Reached XP level 15. HP: 117/117 MP: 26/29
 22779 | Lair:6   | Slain by a dire elephant

Illustrated notes

Levels and vault maps discovered:
D:1:      minmay_arrival_nine_rooms, layout_basic, serial_shops,
          nicolae_shop_advertising_works [nicolae_subvault_shop_adworks]
D:2:      layout_rooms, hellmonk_ecumenical_altar_heavens_door
D:3:      layout_loops_corners, mainiacjoe_overflow_tiny_flanked,
          marbit_many_paths, mainiacjoe_overflow_cross_hatched,
          portal_sewer_entry_b, minivault_23, minmay_statues_item, uniq_sigmund,
          uniq_terence, uniq_ijyb
D:4:      layout_rooms, mainiacjoe_overflow_small_starburst,
          mainiacjoe_overflow_surrounded_room, minmay_vboxes, uniq_menkaure
D:5:      layout_cave_pools, nicolae_overflow_squiral,
          nicolae_concentric_dashed_squares_mild, uniq_eustachio
D:6:      layout_layer_cave, temple_doors_cd
D:7:      layout_gridville, slow_altar_2, fedhas_altar_4
D:8:      layout_basic, minmay_manual_mail
D:9:      layout_stronghold, mainiacjoe_overflow_brackets,
          kennysheep_orc_monster_closet_entryway, evilmike_butchery
D:10:     layout_basic, uniq_maurice, uniq_snorg, uniq_psyche
D:11:     layout_roguey, due_lair_maze_entry_diamond, serial_demonic,
          serial_demonic_b, serial_demonic_d, serial_demonic_c,
          serial_demonic_f, serial_demonic_c, serial_demonic_a,
          serial_demonic_b, minmay_misc_feat_more_columns
Temple:   hellmonk_temple_forest_ring
Lair:1:   layout_hall_layers, cheibrodos_lair_lostbears,
          infiniplex_staircase_pool_2, uniq_fannar, uniq_joseph
Lair:2:   layout_long_grid, gauntlet_entry_generic, uniq_sonja
Lair:3:   layout_gridlike, grunt_megastairs_3
Lair:4:   layout_layer_cave, palyth_hydra_swamp_entry, dummy_spider_entry,
          nicolae_lair_time_for_slime
Lair:5:   nzn_winding_woodlands_stair_cross
          [nzn_winding_woodlands_5x15_split_checker,
          nzn_winding_woodlands_center_diamonds,
          nzn_winding_woodlands_5x15_twine,
          nzn_winding_woodlands_5x5_checkerboard,
          nzn_winding_woodlands_5x5_perimeter, nzn_winding_woodlands_5x15_eye,
          nzn_winding_woodlands_center_pierced_h,
          nzn_winding_woodlands_5x15_zeroes], layout_layer_cave,
          nicolae_slime_entry_slimehenge, serial_bayou_shore_a,
          serial_bayou_shore_b
Lair:6:   hangedman_lair_in_review, layout_cave_pods,
          hangedman_lair_caniforms_friends, minivault_11

Skill      XL: |  1  2  3  4  5  6  7  8  9 10 11 12 13 14 15 |
---------------+----------------------------------------------+-----
Invocations    | 1 2 3 4 5 6 7 8 9 10 11 | 11.1
Long Blades    | 1 2 3 4 5 6 7 8 9 10 | 10.2
Axes           | 1 2 3 4 5 6 7 8 9 10 | 10.2
Maces & Flails | 1 2 3 4 5 6 7 8 9 10 | 10.2
Polearms       | 1 2 3 4 5 6 8 10 11 13 | 13.2
Staves         | 1 2 3 4 5 6 7 8 9 10 | 10.2
Ranged Weapons | 1 2 3 4 5 6 7 8 9 10 | 10.2
Throwing       | 1 2 3 4 5 6 7 8 9 10 | 10.2
Dodging        | 1 2 3 4 5 6 7 8 9 10 | 10.2
Stealth        | 1 2 3 4 5 6 7 8 9 10 | 10.2
Shields        | 1 2 3 4 5 6 7 8 9 10 | 10.2
Unarmed Combat | 1 2 3 4 5 6 7 8 9 10 | 10.2
Evocations     | 1 2 3 4 5 6 7 8 9 10 | 10.2
Spellcasting   | 3 4 5 6 7 8 9 10 | 10.6
Conjurations   | 1 2 3 4 5 6 7 8 |  8.5
Hexes          | 1 2 3 4 5 6 7 8 |  8.5
Summonings     | 1 2 3 4 5 6 7 8 |  8.5
Translocations | 1 2 3 4 5 6 7 8 |  8.5
Transmutations | 1 2 3 4 5 6 7 8 |  8.5
Fire Magic     | 1 2 3 4 5 6 7 8 |  8.5
Ice Magic      | 1 2 3 4 5 6 7 8 |  8.5
Air Magic      | 1 2 3 4 5 6 7 8 |  8.5
Earth Magic    | 1 2 3 4 5 6 7 8 |  8.5
Poison Magic   | 1 2 3 4 5 6 7 8 |  8.5
Fighting       | 3 4 5 6 7 8 9 10 | 10.5
Armour         | 5 6 7 8 9 10 11 | 11.2
Short Blades   | 7 8 9 10 11 12 | 12.1
Necromancy     | 6 7 8 9 10 | 10.2

Action                   |  1- 3 |  4- 6 |  7- 9 | 10-12 | 13-15 || total
-------------------------+-------+-------+-------+-------+-------++-------
Melee: Short sword       |    14 |    44 |   170 |   576 |       ||   804
       Bite              |     2 |     4 |    23 |    84 |    88 ||   201
       Punch             |     1 |       |     4 |    19 |       ||    24
       Trident           |       |       |       |    68 |   630 ||   698
 Cast: Necrotise         |    45 |    82 |   149 |    29 |    60 ||   365
       Poisonous Vapours |       |       |    43 |    11 |    10 ||    64
       Vampiric Draining |       |       |     2 |     2 |    15 ||    19
       Tukima's Dance    |       |       |    35 |    12 |     1 ||    48
       Animate Dead      |       |       |       |    16 |     8 ||    24
       Olgreb's Toxic Ra |       |       |       |    34 |    24 ||    58
       Slow              |       |       |       |    15 |     8 ||    23
       Anguish           |       |       |       |    33 |    57 ||    90
       Summon Mana Viper |       |       |       |       |    15 ||    15
Invok: Unearth Wretches  |       |       |       |       |     3 ||     3
Evoke: Wand              |       |     2 |     8 |    12 |     1 ||    23
       Condenser vane    |       |       |       |       |     1 ||     1
  Use: Scroll            |     6 |       |       |    12 |    10 ||    28
       Potion            |       |       |       |     1 |     1 ||     2
 Stab: Sleeping          |     1 |       |       |     9 |    16 ||    26
       Invisible         |       |       |     1 |     2 |       ||     3
       Distracted        |       |       |       |     3 |    10 ||    13
       Paralysed         |       |       |       |       |     2 ||     2
Armor: Scale mail        |     6 |       |       |       |       ||     6
       Leather armour    |     3 |    27 |    81 |   220 |   280 ||   611
Dodge: Dodged            |     6 |    68 |   206 |   500 |   515 ||  1295

Table legend: (Time is in decaauts)
 A = Elapsed time spent in this place.
 B = Non-inter-level travel time spent in this place.
 C = Inter-level travel time spent in this place.
 D = Time resting spent in this place.
 E = Time spent auto-exploring this place.
 F = Levels seen in this place.
 G = Mean time per level.
                   A        B        C        D        E       F      G
               +--------+--------+--------+--------+--------+-----+--------+
         Total |  22391 |  21439 |    952 |    360 |  16647 |  20 | 1119.6 |
       Dungeon |  12947 |  12196 |    751 |      0 |   9572 |  11 | 1177.0 |
        Temple |    171 |    142 |     29 |      0 |    131 |   1 |  171.0 |
          Lair |   7672 |   7500 |    172 |      0 |   6174 |   6 | 1278.7 |
         Sewer |    636 |    636 |      0 |      0 |    550 |   1 |  636.0 |
      Gauntlet |    963 |    963 |      0 |    360 |    218 |   1 |  963.0 |
               +--------+--------+--------+--------+--------+-----+--------+

Top non-repeatable levels by time:
  Lair:5: 1834 daAuts
     D:6: 1808 daAuts
  Lair:4: 1477 daAuts
  Lair:1: 1424 daAuts
    D:11: 1298 daAuts
     D:3: 1288 daAuts
     D:9: 1274 daAuts
     D:1: 1266 daAuts
     D:5: 1240 daAuts
     D:7: 1148 daAuts
  Lair:2: 1102 daAuts
  Lair:3: 1044 daAuts
Gauntlet: 963 daAuts
     D:8: 957 daAuts
     D:4: 945 daAuts
